 Dungeon Crawl Stone Soup version 0.30-a0-305-g026cb31310 (webtiles) character file.

Game seed: 14434031750803059485

523 sleeves the Insei (level 7, -17/43 HPs)
             Began as an Octopode Transmuter on Oct 22, 2022.
             Was an Initiate of Gozag.
             Demolished by Menkaure (22 damage)
             ... on level 5 of the Dungeon.
             The game lasted 00:06:51 (3448 turns).

sleeves the Insei (Octopode Transmuter)             Turns: 3448, Time: 00:06:51

Health: -17/43     AC:  1    Str: 12    XL:     7   Next: 22%
Magic:  9/10       EV: 17    Int: 15    God:    Gozag
Gold:   150        SH:  0    Dex: 12    Spells: 9/10 levels left

rFire   . . .      SeeInvis .      - Unarmed
rCold   . . .      Faith    .    (no shield)
rNeg    . . .      Spirit   .    (helmet currently unavailable)
rPois   .          Reflect  .    (no amulet)
rElec   .          Harm     .    p - +4 ring of evasion
rCorr   .          Rampage  .    (no ring)
Will    .....                    (no ring)
Stlth   ++........               (no ring)
HPRegen 0.27/turn                (no ring)
MPRegen 0.12/turn                (no ring)
                                 (no ring)
                                 (no ring)

@: appendages
A: tentacle spike 3, almost no armour, amphibious, 8 rings, camouflage 1,
gelatinous body 1, (nimble swimmer 1), tentacles
a: End Transformation, Renounce Religion, Potion Petition, Call Merchant, Bribe
Branch


You were on level 5 of the Dungeon.
You worshipped Gozag.
Gozag was aware of your devotion.
One of your tentacles had grown a beastly spike.
You visited 1 branch of the dungeon, and saw 5 of its levels.

You collected 204 gold pieces.
You paid 54 gold pieces to Gozag.

Inventory:

Missiles
 j - a curare-tipped dart
 q - 2 atropa-tipped darts
Armour
 r - a +0 kite shield
   (You found it on level 4 of the Dungeon)
Jewellery
 p - a +4 ring of evasion (left tentacle)
   (You found it on level 3 of the Dungeon)
Wands
 a - a wand of polymorph (9)
   (You took it off Duvessa on level 4 of the Dungeon)
Scrolls
 b - 2 scrolls of identify {unknown}
 c - 2 scrolls of blinking {unknown}
 g - 2 scrolls of teleportation {unknown}
 i - a scroll of amnesia {unknown}
 k - 2 scrolls of poison {unknown}
 l - a scroll of noise {unknown}
 s - a scroll of summoning {unknown}
 u - a scroll of enchant weapon {unknown}
Potions
 d - 2 potions of brilliance {unknown}
 e - 2 potions of resistance {unknown}
 f - a potion of curing {unknown}
 h - a potion of heal wounds {unknown}
 m - 2 potions of attraction {unknown}
 n - a potion of cancellation {unknown}
 o - 2 potions of invisibility {unknown}
 t - a potion of haste {unknown}


   Skills:
 - Level 1.0 Fighting
 - Level 2.0 Dodging
 + Level 7.4 Unarmed Combat
 - Level 2.0 Spellcasting
 + Level 3.6 Transmutations


You had 9 spell levels left.
You knew the following spells:

 Your Spells              Type           Power      Damage    Failure   Level
a - Beastly Appendage     Tmut           24%        N/A       4%          1

Your spell library contained the following spells:

 Spells                   Type           Power      Damage    Failure   Level
 Wereblood                Tmut           12%        N/A       8%          2
 Spider Form              Tmut/Pois      6%         N/A       32%         3
 Gell's Gravitas          Tloc           1%         N/A       54%         3
 Lesser Beckoning         Tloc           2%         N/A       54%         3
 Teleport Other           Tloc           1%         N/A       54%         3
 Ice Form                 Ice/Tmut       6%         N/A       71%         4
 Malign Gateway           Summ/Tloc      0%         N/A       100%        7
 Summon Horrible Things   Summ           0%         N/A       100%        8


Dungeon Overview and Level Annotations

Branches:
Dungeon (5/15)
 Temple: D:4-7

Altars:
Gozag
Nemelex Xobeh

Annotations:
D:5 Menkaure


Innate Abilities, Weirdness & Mutations

One of your tentacles has grown a beastly spike.
You cannot wear most types of armour.
You are amphibious.
You can wear up to eight rings at the same time.
Your skin changes colour to match your surroundings (Stealth+).
Your rubbery body absorbs attacks. (AC +1, EV +1)
((You are camouflaged when in or above water. (Stealth+)))
You have tentacles for arms and can constrict up to eight enemies at once.


Message History

Found a stone staircase leading down.
You see here 3 poisoned darts.
Done exploring.
Done exploring.
(D) Dungeon
Where to? (Enter - D:2, ? - help)
There is a stone staircase leading down here.
You climb downwards.
There is a stone staircase leading up here.
You now have 74 gold pieces (gained 3).
An adder comes into view.
The adder hisses angrily.
An adder is nearby!
An adder is nearby!
The adder barely misses you.
One of your tentacles grows a vicious spike.
The adder barely misses you.
You miss the adder. Your grab misses the adder.
You pierce the adder, but do no damage.
Your squeeze misses the adder. The adder bites you.
You completely miss the adder. You grab the adder. You constrict the adder.
The adder closely misses you.
You tentacle-slap the adder.
The adder is heavily wounded.
You constrict the adder. The adder barely misses you.
You barely miss the adder.
The adder is severely wounded.
You constrict the adder.
You kill the adder!
No target in view!
No target in view!
No target in view!
No target in view!
Magic restored.
HP restored.
Your transformation is almost over.
Your tentacle spike disappears.
Found a mace.
Found a stone staircase leading down.
A hobgoblin comes into view.
A hobgoblin is nearby!
A hobgoblin is nearby!
One of your tentacles grows a vicious spike.
Found 2 white potions.
You closely miss the hobgoblin. Your grab misses the hobgoblin.
The hobgoblin closely misses you.
You tentacle-slap the hobgoblin. Your grab misses the hobgoblin.
The hobgoblin is lightly wounded.
The hobgoblin closely misses you.
You closely miss the hobgoblin. Your grab misses the hobgoblin.
You pierce the hobgoblin.
The hobgoblin is almost dead.
The hobgoblin misses you.
You tentacle-slap the hobgoblin but do no damage.
Your grab misses the hobgoblin.
You pierce the hobgoblin.
You kill the hobgoblin!
No target in view!
Okay, then.
Your transformation is almost over. 2 gnolls come into view.
Found a scroll labelled GEHEBAO MUUWK.
The gnoll shouts!
You hear a shout! x2
There are monsters nearby!
There are monsters nearby!
You extend your transformation's duration.
A gnoll comes into view. It is wielding a +0 club.
Your transformation is almost over.
A gnoll comes into view. It is wielding a +0 whip.
The gnoll closely misses you. The gnoll barely misses you.
You tentacle-slap the gnoll. Your grab misses the gnoll.
The gnoll is moderately wounded.
The gnoll barely misses you.
The gnoll shouts!
You tentacle-slap the gnoll. Your grab misses the gnoll.
The gnoll is severely wounded.
The gnoll completely misses you.
You bludgeon the gnoll!
You kill the gnoll!
Your tentacle spike disappears.
You tentacle-slap the gnoll. Your grab misses the gnoll.
You tentacle-slap the gnoll. Your squeeze misses the gnoll.
The gnoll is severely wounded.
The gnoll hits you with a +0 club. The gnoll barely misses you.
The gnoll attacks as you move away! The gnoll barely misses you.
The gnoll attacks as you move away! The gnoll hits you with a +0 club.
The gnoll attacks as you move away! The gnoll hits you with a +0 club.
* * * LOW HITPOINT WARNING * * *
There is a stone staircase leading up here.
The gnoll closely misses you.
You climb upwards.
There is a stone staircase leading down here.
Casting: Beastly Appendage (safe; 10% risk of failure)
Confirm with . or Enter, or press ? or * to list all spells.
One of your tentacles grows a vicious spike.
The gnoll hits you with a +0 club.
* * * LOW HITPOINT WARNING * * *
You tentacle-slap the gnoll but do no damage.
Your grab misses the gnoll.
You pierce the gnoll.
The gnoll is moderately wounded.
The gnoll hits you with a +0 club.
* * * LOW HITPOINT WARNING * * *
You tentacle-slap the gnoll. Your grab misses the gnoll.
The gnoll is heavily wounded.
The gnoll misses you.
You tentacle-slap the gnoll.
You kill the gnoll!
You see here a +0 club.
Your transformation is almost over.
Magic restored.
Your tentacle spike disappears.
HP restored.
Done exploring.
Done exploring.
There is a stone staircase leading down here.
You climb downwards.
Found a long sword.
There is a stone staircase leading up here.
A kobold is nearby!
A kobold is nearby!
One of your tentacles grows a vicious spike.
The helpless kobold fails to defend itself.
You tentacle-slap the kobold. You grab the kobold.
You pierce the kobold.
You kill the kobold!
No target in view!
Your transformation is almost over.
Magic restored.
There is a stone staircase leading up here.
Your tentacle spike disappears.
Found a sparkling altar of Nemelex Xobeh.
A giant cockroach comes into view.
A giant cockroach is nearby!
A giant cockroach is nearby!
Found a flail.
The giant cockroach bites you but does no damage.
You barely miss the giant cockroach. You grab the giant cockroach.
You squeeze the giant cockroach, but do no damage.
You constrict the giant cockroach. The giant cockroach closely misses you.
You tentacle-slap the giant cockroach.
The giant cockroach is severely wounded.
You constrict the giant cockroach, but do no damage.
The giant cockroach barely misses you.
You tentacle-slap the giant cockroach.
You kill the giant cockroach!
You have reached level 5!
You feel stronger.
Found an escape hatch in the ceiling.
Found an escape hatch in the floor.
Found 5 poisoned darts.
No target in view!
No target in view!
d - 2 puce potions (gained 1)
Found a stone staircase leading down.
You pick up a Grand Grimoire and begin reading...
You add the spells Malign Gateway and Summon Horrible Things to your library.
You open the door.
There is an open door here.
You now have 82 gold pieces (gained 8).
k - a scroll labelled TAH MUD IGALA No target in view!
Found a ring mail.
You see here a +0 ring mail.
A frilled lizard comes into view.
A frilled lizard is nearby!
A frilled lizard is nearby!
Found 18 gold pieces.
You see here 13 gold pieces.
The helpless frilled lizard fails to defend itself.
You tentacle-slap the frilled lizard.
You kill the frilled lizard!
No target in view!
You now have 95 gold pieces (gained 13).
Found a mace.
You now have 99 gold pieces (gained 4).
You now have 117 gold pieces (gained 18). 2 orcs come into view.
There are monsters nearby!
An orc comes into view. It is wielding a +0 war axe.
One of your tentacles grows a vicious spike.
You bludgeon the orc!
You kill the orc!
You see here a +0 dagger.
You tentacle-slap the orc. Your grab misses the orc.
Your tentacle spike misses the orc.
The orc is almost dead.
You tentacle-slap the orc.
You kill the orc!
A bat comes into view.
The orc shouts!
The orc hits you with a +0 short sword.
You barely miss the orc. Your grab misses the orc.
Your tentacle spike misses the orc.
The bat barely misses you. The orc hits you with a +0 short sword.
You tentacle-slap the orc. Your grab misses the orc.
You pierce the orc.
The orc is heavily wounded.
Your transformation is almost over.
The bat hits you. The orc barely misses you.
You barely miss the orc. You grab the orc. You tentacle-slap the orc.
You kill the orc!
The bat hits you but does no damage. The bat hits you but does no damage.
The bat closely misses you. The bat closely misses you.
You miss the bat. Your grab misses the bat.
You pierce the bat, but do no damage.
Your squeeze misses the bat. The bat barely misses you. The bat misses you.
You tentacle-slap the bat but do no damage.
You grab the bat. You constrict the bat. The bat hits you.
The bat escapes!
You closely miss the bat. Your grab misses the bat.
Your tentacle spike misses the bat.
The bat is moderately wounded.
The bat hits you but does no damage. The bat closely misses you.
The bat barely misses you.
You bludgeon the bat!
You kill the bat!
No target in view!
No target in view!
Your tentacle spike disappears.
HP restored.
l - a scroll labelled LEBITE TIHIUCA A rat comes into view.
A rat is nearby!
A rat is nearby!
One of your tentacles grows a vicious spike.
Your transformation is almost over.
You see here a metallic red potion.
The helpless rat fails to defend itself.
You bludgeon the rat!
You kill the rat!
No target in view!
m - a metallic red potion Your tentacle spike disappears.
A giant cockroach comes into view.
A giant cockroach is nearby!
One of your tentacles grows a vicious spike.
Found 3 gold pieces.
Your transformation is almost over.
The giant cockroach bites you but does no damage.
You barely miss the giant cockroach. You grab the giant cockroach.
You pierce the giant cockroach, but do no damage.
You constrict the giant cockroach. The giant cockroach closely misses you.
You tentacle-slap the giant cockroach.
You kill the giant cockroach!
No target in view!
You now have 129 gold pieces (gained 12).
Your tentacle spike disappears.
n - a purple potion
o - 2 white potions
g - 2 scrolls labelled GEHEBAO MUUWK (gained 1)
c - 2 scrolls labelled NALULU XITU (gained 1)
Found a stone staircase leading down.
You now have 132 gold pieces (gained 3).
You now have 141 gold pieces (gained 9).
p - a +4 ring of evasion
m - 2 metallic red potions (gained 1)
Found a stone staircase leading up.
p - a +4 ring of evasion (left tentacle) One of your tentacles grows a vicious spike.
The gnoll shouts!
You tentacle-slap the gnoll. You grab the gnoll.
You pierce the gnoll.
You tentacle-slap the gnoll.
The gnoll is almost dead.
You constrict the gnoll.
You kill the gnoll!
You see here a +0 whip.
The gnoll barely misses you.
You tentacle-slap the gnoll. Your grab misses the gnoll.
You pierce the gnoll, but do no damage.
The gnoll is moderately wounded.
The gnoll hits you with a +0 spear!
You completely miss the gnoll. You grab the gnoll.
You pierce the gnoll.
The gnoll is severely wounded.
You constrict the gnoll, but do no damage.
The gnoll misses you.
You tentacle-slap the gnoll.
You kill the gnoll!
No target in view!
Your transformation is almost over.
Your tentacle spike disappears.
You see here a frilled lizard skeleton.
You see here a +0 short sword.
Things that are here:
a +0 war axe; an orc skeleton You see here a +0 dagger.
Key pressed, stopping explore.
Done exploring.
Done exploring.
Done exploring.
No target in view!
(D) Dungeon
Where to? (Enter - D:2 @ (x,y), ? - help)
There is a stone staircase leading down here.
You climb downwards.
There is a stone staircase leading up here.
You now have 156 gold pieces (gained 15).
A worm comes into view.
A worm is nearby!
One of your tentacles grows a vicious spike.
Found 2 atropa-tipped darts and 5 poisoned darts.
Your transformation is almost over.
A goblin comes into view. It is wielding a +0 club.
The goblin shouts!
Found a robe and 2 gold pieces.
You tentacle-slap the worm. You grab the worm.
You pierce the worm.
The worm is moderately wounded.
You constrict the worm. The worm closely misses you.
You tentacle-slap the worm.
You pierce the worm.
The worm is almost dead.
You constrict the worm.
You tentacle-slap the worm but do no damage.
You pierce the worm.
You kill the worm!
The goblin hits you with a +0 club.
You see here a worm corpse.
You bludgeon the goblin!
You kill the goblin!
No target in view!
No target in view!
Your tentacle spike disappears.
HP restored.
You see here a +0 club.
Found 4 stones.
A hound comes into view.
You see here 2 atropa-tipped darts.
q - 2 atropa-tipped darts You see here 5 poisoned darts.
One of your tentacles grows a vicious spike.
The hound barks!
The hound misses you. x2
You tentacle-slap the hound. Your grab misses the hound.
Your tentacle spike misses the hound.
The hound is heavily wounded.
The hound barely misses you.
You barely miss the hound. You grab the hound.
Your tentacle spike misses the hound.
You squeeze the hound.
The hound is severely wounded.
You constrict the hound. The hound misses you.
You barely miss the hound.
The hound is severely wounded.
You constrict the hound, but do no damage.
The hound completely misses you. The hound barely misses you.
You tentacle-slap the hound.
Your tentacle spike misses the hound.
The hound is almost dead.
Your transformation is almost over.
You constrict the hound.
You kill the hound!
Your Unarmed Combat skill increases to level 6!
No target in view!
Magic restored.
You now have 158 gold pieces (gained 2).
Your tentacle spike disappears.
Found a sling.
You see here a +0 sling.
Found a kite shield.
A jelly comes into view.
A jelly is nearby!
Found a scroll labelled RELOCE RECLUTE.
One of your tentacles grows a vicious spike.
The jelly completely misses you.
You tentacle-slap the jelly. The acid corrodes you!
Your tentacles burn!
You pierce the jelly.
The jelly is severely wounded.
The jelly hits you.
You are splashed with acid!
You are too injured to fight recklessly!
You are too injured to fight recklessly!
You are too injured to fight recklessly!
You bludgeon the jelly!
You kill the jelly!
Your transformation is almost over.
Found a stone staircase leading up.
You start resting.
Magic restored.
You start resting.
Your tentacle spike disappears.
You are no longer corroded.
You see here a +0 kite shield.
You start resting.
HP restored.
r - a +0 kite shield An orc comes into view.
It is wielding a +0 short sword.
You see here a scroll labelled RELOCE RECLUTE.
An orc is nearby!
An orc is nearby!
An orc wizard comes into view. It is wielding a +0 dagger.
The orc shouts!
The orc wizard shouts!
You hear a shout!
One of your tentacles grows a vicious spike.
The orc wizard hits you with a +0 dagger.
You barely miss the orc wizard. Your grab misses the orc wizard.
Your tentacle spike misses the orc wizard.
You tentacle-slap the orc wizard. Your grab misses the orc wizard.
You tentacle-slap the orc wizard, but do no damage.
The orc wizard is heavily wounded.
An orc comes into view. It is wielding a +0 short sword.
The orc wizard barely misses you.
The orc shouts!
You bludgeon the orc wizard! You grab the orc wizard.
The orc wizard is almost dead.
You constrict the orc wizard.
You kill the orc wizard!
You have reached level 6!
You closely miss the orc. You grab the orc. You constrict the orc.
The orc closely misses you.
An orc comes into view.
It is wielding a +0 falchion of electrocution.
You bludgeon the orc!
You kill the orc!
The orc hits you with a +0 short sword.
Things that are here:
a +0 short sword; a +0 leather armour; an orc corpse You barely miss the orc.
Your grab misses the orc.
Your tentacle spike misses the orc.
Your transformation is almost over.
You tentacle-slap the orc. You grab the orc.
The orc is moderately wounded.
You constrict the orc, but do no damage.
The orc misses you. The orc barely misses you.
You bludgeon the orc!
You kill the orc!
The orc hits you with a +0 falchion of electrocution.
You barely miss the orc. You grab the orc.
You pierce the orc!
You kill the orc!
No target in view!
No target in view!
A kobold comes into view.
It is wielding a +0 short sword and quivering poisoned darts.
A kobold is nearby!
A kobold is nearby!
The kobold throws a poisoned dart.
The poisoned dart barely misses you.
You see here a +0 falchion of electrocution.
The kobold misses you.
You barely miss the kobold. You grab the kobold.
You pierce the kobold.
You kill the kobold!
No target in view!
Your tentacle spike disappears.
Magic restored.
Things that are here:
a +0 short sword; 3 poisoned darts You see here a +0 falchion of electrocution.
Things that are here:
a +0 short sword; a +0 leather armour; an orc corpse
s - a scroll labelled RELOCE RECLUTE
Found a stone staircase leading up.
Okay, then.
There is a stone staircase leading up here.
Found an escape hatch in the ceiling.
Found a stone staircase leading down.
There is a stone staircase leading down here.
There is an escape hatch in the ceiling here.
You now have 164 gold pieces (gained 6).
There is a stone staircase leading down here.
There is a stone staircase leading up here.
Found a stone staircase leading down.
Found a dagger.
A hobgoblin comes into view.
A hobgoblin is nearby!
A hobgoblin is nearby!
The hobgoblin shouts!
One of your tentacles grows a vicious spike.
A goblin comes into view. It is wielding a +0 club.
The hobgoblin closely misses you.
The goblin shouts!
You tentacle-slap the hobgoblin. Your grab misses the hobgoblin.
Your squeeze misses the hobgoblin.
The hobgoblin is moderately wounded.
The hobgoblin closely misses you.
You bludgeon the hobgoblin!
You kill the hobgoblin!
You see here a hobgoblin corpse.
You barely miss the goblin. You grab the goblin. You squeeze the goblin.
You kill the goblin!
No target in view!
Your transformation is almost over.
You see here a +0 club.
Your tentacle spike disappears.
A ball python comes into view.
A ball python is nearby!
A ball python is nearby!
One of your tentacles grows a vicious spike.
The ball python hisses angrily.
The ball python bites you. The ball python grabs you.
The ball python constricts you. The ball python closely misses you.
The ball python constricts you.
You barely miss the ball python. Your grab misses the ball python.
The ball python closely misses you. The ball python constricts you.
You tentacle-slap the ball python.
You kill the ball python!
Your transformation is almost over.
No target in view!
No target in view!
Your tentacle spike disappears.
You see here a ball python corpse.
Found a stone staircase leading down.
A quokka comes into view.
Found a robe.
A quokka is nearby!
A quokka is nearby!
A kobold comes into view. It is wielding a +0 dagger.
One of your tentacles grows a vicious spike.
The kobold shouts!
The quokka barely misses you. The quokka completely misses you.
You barely miss the quokka. You grab the quokka. You constrict the quokka.
The quokka completely misses you.
You bludgeon the quokka!
You kill the quokka!
The kobold throws a stone.
The stone barely misses you.
The kobold throws a stone.
The stone misses you.
You see here a quokka corpse.
The kobold completely misses you.
You bludgeon the kobold!
You kill the kobold!
No target in view!
No target in view!
No target in view!
No target in view!
No target in view!
No target in view!
Your transformation is almost over.
t - a dark potion You now have 173 gold pieces (gained 9).
Your tentacle spike disappears.
Found a short sword.
A goblin comes into view. It is wielding a +0 club.
Found a short sword.
A goblin is nearby!
Okay, then.
A goblin is nearby!
A goblin is nearby!
No reachable target in view!
No reachable target in view!
No reachable target in view!
Found an opulent altar of Gozag.
An orc comes into view. It is wielding a +0 club.
Found a scroll labelled TAH MUD IGALA.
The orc shouts!
The goblin shouts!
The endoplasm quivers.
You hear a shout!
An orc comes into view. It is wielding a +0 hand axe.
Found 4 gold pieces.
An orc comes into view. It is wielding a +0 club.
The orc moves out of view.
An orc comes into view. It is wielding a +0 dagger.
The orc shouts!
You hear an angry growl.
You hear an angry hiss.
A black bear comes into view.
You aren't carrying any items that you can evoke.
Unknown command.
An adder comes into view.
Casting: Beastly Appendage (safe; 10% risk of failure)
Confirm with . or Enter, or press ? or * to list all spells.
One of your tentacles grows a vicious spike.
Throw: 2 darts (atropa)
Press: ? - help, Q - select action, (/) - cycle Shift-Dir - straight line, f - black bear
Aim: a black bear (64% to hit, chance to blind on hit: 3%)
You throw an atropa-tipped dart.
The atropa-tipped dart hits the black bear.
The black bear resists.
Throw: 3 darts (curare)
Press: ? - help, Q - select action, (/) - cycle Shift-Dir - straight line, f/p - black bear
Aim: a black bear (64% to hit)
You throw a curare-tipped dart.
The curare-tipped dart hits the black bear.
The black bear is poisoned.
The black bear convulses.
The black bear seems to slow down.
The black bear is lightly wounded.
The black bear bites you! The black bear claws you.
The black bear closely misses you.
Throw: 2 darts (curare)
Press: ? - help, Q - select action, (/) - cycle Shift-Dir - straight line, f/p - black bear
Aim: a black bear (lightly wounded, very poisoned, slow, 64% to hit)
You throw a curare-tipped dart.
The curare-tipped dart closely misses the black bear.
The curare-tipped dart hits the orc.
The orc is poisoned.
The orc convulses.
You kill the orc!
Your transformation is almost over.
The black bear closely misses you. The black bear misses you.
The black bear claws you.
Unknown command.
You tentacle-slap the black bear. You grab the black bear.
You pierce the black bear.
You squeeze the black bear!
The black bear is severely wounded.
You constrict the black bear. You tentacle-slap the black bear.
You kill the black bear!
The adder misses you.
You closely miss the adder. Your grab misses the adder. You squeeze the adder.
The adder is moderately wounded.
The adder barely misses you.
You bludgeon the adder!
You kill the adder!
No target in view!
No target in view!
No target in view!
No target in view!
No target in view!
No target in view!
No target in view!
No target in view!
No target in view!
No target in view!
Things that are here:
a curare-tipped dart; an adder corpse; a black bear corpse
Things that are here:
a curare-tipped dart; a +0 dagger; an atropa-tipped dart
q - 2 atropa-tipped darts (gained 1);
j - 2 curare-tipped darts (gained 1)
Things that are here:
a curare-tipped dart; an adder corpse; a black bear corpse
j - 3 curare-tipped darts (gained 1)
Your tentacle spike disappears.
There are no objects that can be picked up here. an adder corpse; a black bear corpse You start resting.
HP restored.
You start waiting.
Done waiting.
A ball python comes into view.
The ball python moves out of view.
b - 2 scrolls labelled ESOQOY UPOANN (gained 1)
Found an escape hatch in the floor.
A ball python is nearby!
The ball python hisses angrily.
You closely miss the ball python. You grab the ball python.
You squeeze the ball python.
You kill the ball python!
No target in view!
No target in view!
No target in view!
No target in view!
You now have 187 gold pieces (gained 14).
There is a stone staircase leading down here.
You open the door.
Duvessa and Dowan come into view.
Duvessa is wielding a +0 rapier and carrying a wand of polymorph (11).
There are monsters nearby!
There are monsters nearby!
Duvessa zaps a wand.
You resist with some effort.
Duvessa zaps a wand.
You turn into an insubstantial wisp.
Your +4 ring of evasion melds into your body.
You swing at nothing.
You swing at nothing.
You touch Duvessa.
Duvessa is lightly wounded.
Duvessa says, "Beauty is only skin deep, and my weapons penetrate much further than that."
Duvessa hits you but does no damage.
You touch Duvessa.
Duvessa is lightly wounded.
You completely miss Duvessa.
Duvessa is lightly wounded.
Duvessa misses you.
You touch Duvessa but do no damage.
Duvessa is lightly wounded.
Duvessa misses you.
You touch Duvessa but do no damage.
Duvessa is lightly wounded.
Duvessa hits you with a +0 rapier.
You touch Duvessa!
Duvessa is moderately wounded.
Duvessa hits you with a +0 rapier.
You touch Duvessa but do no damage.
Duvessa is moderately wounded.
Duvessa barely misses you.
You barely miss Duvessa.
Duvessa is moderately wounded.
Duvessa hits you with a +0 rapier.
You can't do that in your present form.
Unknown command.
You touch Duvessa.
Duvessa is moderately wounded.
Duvessa hits you but does no damage.
You touch Duvessa.
Duvessa is moderately wounded.
You barely miss Duvessa.
Duvessa is moderately wounded.
Duvessa hits you with a +0 rapier.
You barely miss Duvessa.
Duvessa is moderately wounded.
Your transformation is almost over.
Duvessa hits you but does no damage.
You touch Duvessa.
Duvessa is heavily wounded.
Duvessa closely misses you.
You touch Duvessa.
Duvessa is heavily wounded.
Duvessa hits you but does no damage.
You barely miss Duvessa.
Duvessa is heavily wounded.
Duvessa closely misses you.
You touch Duvessa but do no damage.
Duvessa is heavily wounded.
Duvessa hits you with a +0 rapier!
* * * LOW HITPOINT WARNING * * *
You touch Duvessa.
Duvessa is heavily wounded.
Duvessa hits you but does no damage.
You touch Duvessa but do no damage.
Duvessa is heavily wounded.
Duvessa hits you with a +0 rapier!
* * * LOW HITPOINT WARNING * * *
You touch Duvessa but do no damage.
Duvessa is heavily wounded.
You touch Duvessa but do no damage.
Duvessa is heavily wounded.
Duvessa completely misses you.
You touch Duvessa.
Duvessa is severely wounded.
Duvessa closely misses you.
You touch Duvessa.
Duvessa is severely wounded.
Duvessa completely misses you.
You touch Duvessa.
Duvessa is almost dead.
You condense into your normal self.
Your +4 ring of evasion unmelds from your body.
Duvessa closely misses you.
You completely miss Duvessa. You grab Duvessa. You squeeze Duvessa.
Duvessa is almost dead.
You constrict Duvessa. Duvessa misses you.
You tentacle-slap Duvessa.
Duvessa is almost dead.
You constrict Duvessa.
You kill Duvessa!
You hear a distant wail of despair.
Your Unarmed Combat skill increases to level 7!
Your Transmutations skill increases to level 3!
You have reached level 7!
Throw: 3 darts (curare)
Press: ? - help, Q - select action, (/) - cycle Shift-Dir - straight line, f - Dowan
Aim: Dowan, wielding a +0 dagger and wearing a +0 robe (wandering, hasn't noticed you, 43% to hit)
You throw a curare-tipped dart.
The curare-tipped dart completely misses Dowan.
Dowan shouts!
Dowan seems to find hidden reserves of power!
Throw: 2 darts (curare)
Press: ? - help, Q - select action, (/) - cycle Shift-Dir - straight line, f/p - Dowan
Aim: Dowan, wielding a +0 dagger and wearing a +0 robe (fast, 43% to hit)
You throw a curare-tipped dart.
The curare-tipped dart closely misses Dowan.
Throw: dart (curare)
Press: ? - help, Q - select action, (/) - cycle Shift-Dir - straight line, f/p - Dowan
Aim: Dowan, wielding a +0 dagger and wearing a +0 robe (fast, 43% to hit)
You throw a curare-tipped dart.
The curare-tipped dart closely misses Dowan.
Really quaff the potion of lignification?
You turn into a tree.
Your roots penetrate the ground.
Dowan hits you but does no damage. x2
You smack Dowan!
Dowan is heavily wounded.
Dowan mumbles some strange words.
Dowan blinks!
You swing at nothing.
You smack Dowan!
You kill Dowan!
You start resting.
Your transformation is almost over.
You feel less wooden.
You start resting.
An orc is nearby!
An orc is nearby!
An orc is nearby!
Things that are here:
a +0 dagger; a +0 robe; the elf corpse of Dowan
a - a wand of polymorph (9)
Things that are here:
a +0 rapier; a +0 leather armour; the elf corpse of Duvessa
There is an open door here.
You close the door.
You start resting.
HP restored.
You open the door.
A training dummy comes into view.
There is an open door here.
The helpless training dummy fails to defend itself.
You tentacle-slap the training dummy.
You destroy the training dummy!
You tentacle-slap the training dummy. x2
You destroy the training dummy!
There is an open door here.
You open the door.
There is an open door here.
There is an open door here.
As you open the door, it creaks loudly!
You hear a shout!
There is an open door here.
An orc is nearby!
The orc shouts!
You tentacle-slap the orc but do no damage.
Your grab misses the orc.
You hear a shout!
The orc misses you.
You closely miss the orc. Your grab misses the orc. The orc misses you.
You bludgeon the orc!
You kill the orc!
Things that are here:
a +0 club; a metallic inky potion You throw an atropa-tipped dart.
The atropa-tipped dart hits the orc.
The orc appears confused.
The orc seems less confused.
Things that are here:
a +0 rapier; a +0 leather armour; the elf corpse of Duvessa You tentacle-slap the orc but do no damage.
Your grab misses the orc.
Your tentacle-slap misses the orc.
The orc closely misses you.
You barely miss the orc. Your grab misses the orc. The orc barely misses you.
One of your tentacles grows a vicious spike.
The orc hits you with a +0 hand axe.
You bludgeon the orc!
You kill the orc!
You tentacle-slap the endoplasm.
You kill the endoplasm!
No target in view!
No target in view!
No target in view!
No target in view!
No target in view!
No target in view!
No target in view!
Magic restored.
An orc is nearby!
An orc is nearby!
An orc is nearby!
An orc is nearby!
Things that are here:
a +0 hand axe; an atropa-tipped dart The orc closely misses you.
You tentacle-slap the orc. You grab the orc.
The orc is heavily wounded.
You constrict the orc. The orc closely misses you.
You tentacle-slap the orc.
You pierce the orc.
You kill the orc!
No target in view!
No target in view!
No target in view!
No target in view!
No target in view!
Your transformation is almost over.
A quokka comes into view.
A quokka is nearby!
A quokka is nearby!
A quokka is nearby!
Things that are here:
a +0 hand axe; an atropa-tipped dart
Things that are here:
a +0 rapier; a +0 leather armour; the elf corpse of Duvessa The quokka closely misses you.
Things that are here:
a +0 club; a metallic inky potion You bludgeon the quokka!
You kill the quokka!
No target in view!
No target in view!
No target in view!
No target in view!
No target in view!
No target in view!
e - 2 metallic inky potions (gained 1)
You see here a +0 club.
Things that are here:
a +0 rapier; a +0 leather armour; the elf corpse of Duvessa
q - 2 atropa-tipped darts (gained 1)
You see here a +0 hand axe.
Your tentacle spike disappears.
Things that are here:
a +0 rapier; a +0 leather armour; the elf corpse of Duvessa You see here a +0 club.
A goblin is nearby!
A goblin is nearby!
The goblin closely misses you.
You barely miss the goblin.
The ball python hisses angrily.
You grab the goblin. You constrict the goblin. The goblin closely misses you.
You tentacle-slap the goblin but do no damage.
You squeeze the goblin.
You kill the goblin!
No reachable target in view!
No reachable target in view!
No reachable target in view!
No reachable target in view!
j - a curare-tipped dart You see here a +0 club.
A ball python is nearby!
A ball python is nearby!
A ball python is nearby!
No reachable target in view!
No reachable target in view!
No reachable target in view!
You closely miss the ball python. You grab the ball python.
You squeeze the ball python, but do no damage.
You constrict the ball python. The ball python bites you.
The ball python grabs you. The ball python constricts you.
You tentacle-slap the ball python.
You kill the ball python!
You see here a ball python corpse.
You now have 191 gold pieces (gained 4).
k - 2 scrolls labelled TAH MUD IGALA (gained 1)
You see here a ball python corpse.
You see here a +0 short sword.
You see here a ball python corpse.
A goblin comes into view. It is wielding a +0 club.
A goblin is nearby!
A goblin is nearby!
The helpless goblin fails to defend itself.
You tentacle-slap the goblin. You grab the goblin.
The goblin is severely wounded.
You constrict the goblin.
You kill the goblin!
No target in view!
No target in view!
No target in view!
No target in view!
Found a ring mail.
Done exploring.
Done exploring.
No target in view!
Done exploring.
Done exploring.
Search for what [? for help]? go
There is a stone staircase leading up here.
You see here a ball python corpse.
There is an opulent altar of Gozag here.
You curl up in front of the altar of Gozag.
Gozag welcomes you!
You pay a service fee of 54 gold.
Unknown command.
Press < or > to pray at altars.
Done exploring.
Done exploring.
Done exploring.
(D) Dungeon
Where to? (Enter - D:4 @ (x,y), ? - help)
You see here a ball python corpse.
You see here a +0 short sword.
There is a stone staircase leading down here.
You climb downwards.
Found a quarterstaff.
There is a stone staircase leading up here.
A white imp is nearby!
A white imp is nearby!
A white imp is nearby!
One of your tentacles grows a vicious spike.
The white imp shouts!
The white imp gestures at you. The puff of frost hits you!
You tentacle-slap the white imp. Your grab misses the white imp.
The white imp is moderately wounded.
You bludgeon the white imp! You grab the white imp.
Your squeeze misses the white imp.
The white imp is almost dead.
You constrict the white imp, but do no damage.
The white imp closely misses you.
You tentacle-slap the white imp.
You kill the white imp!
Magic restored.
Your transformation is almost over.
Your tentacle spike disappears.
HP restored.
Found a dagger.
Found a stone staircase leading up.
You now have 144 gold pieces (gained 7).
An orc comes into view. It is wielding a +0 whip.
An orc is nearby!
The orc shouts!
One of your tentacles grows a vicious spike.
You closely miss the orc. Your grab misses the orc.
Your tentacle-slap misses the orc.
The orc hits you with a +0 whip.
You barely miss the orc. Your grab misses the orc.
Your tentacle spike misses the orc.
Your squeeze misses the orc. The orc hits you but does no damage.
You barely miss the orc. You grab the orc. You constrict the orc.
The orc hits you with a +0 whip.
You bludgeon the orc!
You kill the orc!
No target in view!
Your transformation is almost over.
You now have 150 gold pieces (gained 6).
You see here a +0 whip.
Your tentacle spike disappears.
You see here a +3 great sword.
u - a scroll labelled JASUIH XEISM Menkaure, Prince of Dust comes into view.
Okay, then.
Menkaure shouts!
That's the wrong kind of item! (Use * to select it.) Evoke which item? (* to show all) (? for menu, Esc to quit)
That's the wrong kind of item! (Use * to select it.) Evoke which item? (* to show all) (? for menu, Esc to quit)
Okay, then.
Okay, then.
Casting: Beastly Appendage (safe; 4% risk of failure)
Confirm with . or Enter, or press ? or * to list all spells.
One of your tentacles grows a vicious spike.
A phantom comes into view.
Menkaure calls on the powers of darkness!
Your body is wracked with pain!
You tentacle-slap Menkaure but do no damage.
Your grab misses Menkaure.
You pierce Menkaure, but do no damage.
Your tentacle-slap misses Menkaure.
Menkaure hits you!!
* * * LOW HITPOINT WARNING * * *
You tentacle-slap Menkaure but do no damage.
You grab Menkaure. You squeeze Menkaure.
Menkaure is lightly damaged.
You constrict Menkaure. Menkaure barely misses you.
You tentacle-slap Menkaure but do no damage.
You pierce Menkaure.
Menkaure is moderately damaged.
You constrict Menkaure. Menkaure hits you!!
Ouch! That really hurt!
You die...
Your body crumbles into a pile of gold.

########## #........#
.... #........# ....
#........# .....
#........#####.....
#..................
#...........W......
#...........M.........
#..........@...........
#.......................
#........................
#.......................<
#...)..).................
#........................
#........................
#........#####...........
#........# #...........


You could see a phantom and Menkaure.

Vanquished Creatures
  Duvessa (D:4)
  A black bear (D:4)
  Dowan (D:4)
  A hound (D:4)
  A jelly (D:4)
  An orc wizard (D:4)
  8 gnolls
  2 adders
  A white imp (D:5)
  A worm (D:4)
  2 dart slugs
  11 orcs
  9 ball pythons
  6 endoplasms
  3 giant cockroaches
  8 goblins
  3 hobgoblins
  7 kobolds
  5 quokkas
  2 training dummies (D:4)
  5 bats
  2 frilled lizards
  5 rats
86 creatures vanquished.

Notes
Turn   | Place    | Note
-------+----------+-------------------------------------------
     0 | D:1      | sleeves the Octopode Transmuter began the quest for the
                  | Orb.
     0 | D:1      | Reached XP level 1. HP: 13/13 MP: 3/3
   147 | D:1      | Reached XP level 2. HP: 18/18 MP: 5/5
   664 | D:1      | Reached skill level 4 in Unarmed Combat
   760 | D:1      | Reached XP level 3. HP: 22/23 MP: 4/6
   791 | D:1      | Found a faded altar of an unknown god.
  1335 | D:2      | Reached XP level 4. HP: 27/28 MP: 7/7
  1342 | D:2      | Reached skill level 5 in Unarmed Combat
  1346 | D:2      | HP: 9/28 [gnoll/+0 spear of distortion (15)]
  1680 | D:3      | HP: 13/28 [gnoll/+0 club (4)]
  1685 | D:2      | HP: 11/28 [gnoll/+0 club (4)]
  1823 | D:3      | Found a sparkling altar of Nemelex Xobeh.
  1832 | D:3      | Reached XP level 5. HP: 33/33 MP: 8/8
  2448 | D:4      | Reached skill level 6 in Unarmed Combat
  2533 | D:4      | Reached XP level 6. HP: 36/38 MP: 7/9
  2751 | D:4      | Found an opulent altar of Gozag.
  2757 | D:4      | Noticed a black bear
  2768 | D:4      | Killed a black bear
  2969 | D:4      | Noticed Duvessa
  2969 | D:4      | Noticed Dowan
  2993 | D:4      | HP: 18/38 [Duvessa/+0 rapier (7)]
  3002 | D:4      | Killed Duvessa
  3003 | D:4      | Reached skill level 7 in Unarmed Combat
  3003 | D:4      | Reached skill level 3 in Transmutations
  3003 | D:4      | Reached XP level 7. HP: 15/43 MP: 10/10
  3009 | D:4      | Killed Dowan
  3326 | D:4      | Became a worshipper of Gozag Ym Sagoz the Greedy
  3352 | D:5      | Entered Level 5 of the Dungeon
  3435 | D:5      | Noticed Menkaure
  3446 | D:5      | HP: 5/43 [Menkaure (19)]
  3448 | D:5      | Demolished by Menkaure

Illustrated notes

Levels and vault maps discovered:
D:1:      amcnicky_arrival_blooded_trapdoor, layout_loops_ring,
          shapermc_ecumenical_altar_mp_urbaneastern, serial_bayou_pond_c,
          minmay_misc_feat_nine_boxes, minmay_shallow_snake_nest
D:2:      layout_loops_ring
D:3:      layout_basic, overflow_temple_1_default
D:4:      dreamdust_elfheim, layout_rooms,
          mainiacjoe_overflow_concentric_impassable
D:5:      layout_gridville, uniq_menkaure

Skill      XL: |  1  2  3  4  5  6 |
---------------+-------------------+-----
Unarmed Combat | 4 5 6 7 |  7.4
Transmutations | 3 |  3.6
Fighting       | |  1.0
Dodging        | |  2.0
Spellcasting   | |  2.0

Action                   |  1- 3 |  4- 6 |  7- 9 || total
-------------------------+-------+-------+-------++-------
Melee: Unarmed           |    67 |   107 |    29 ||   203
       Tentacles         |    16 |     9 |     3 ||    28
       Constrict         |    16 |    22 |     7 ||    45
       Punch             |     5 |     4 |     1 ||    10
       Kick              |     6 |    20 |     3 ||    29
Throw: Dart              |       |     3 |     4 ||     7
 Cast: Beastly Appendage |     8 |    18 |     4 ||    30
  Use: Potion            |       |       |     1 ||     1
 Stab: Sleeping          |    12 |     3 |     2 ||    17
       Distracted        |     1 |       |       ||     1
Armor: Skin              |     6 |    10 |     3 ||    19
Dodge: Dodged            |    36 |    73 |    11 ||   120

Table legend: (Time is in decaauts)
 A = Elapsed time spent in this place.
 B = Non-inter-level travel time spent in this place.
 C = Inter-level travel time spent in this place.
 D = Time resting spent in this place.
 E = Time spent auto-exploring this place.
 F = Levels seen in this place.
 G = Mean time per level.
                   A        B        C        D        E       F      G
               +--------+--------+--------+--------+--------+-----+--------+
         Total |   3427 |   3251 |    176 |    262 |   2333 |   5 |  685.4 |
       Dungeon |   3427 |   3251 |    176 |    262 |   2333 |   5 |  685.4 |
               +--------+--------+--------+--------+--------+-----+--------+

Top non-repeatable levels by time:
     D:4: 942 daAuts
     D:1: 922 daAuts
     D:2: 774 daAuts
     D:3: 692 daAuts
     D:5: 94 daAuts
